 Dungeon Crawl Stone Soup version 0.32-a0-656-g3542139ebd (webtiles) character file.

Game seed: 12858913099935770232

38 kae the Slasher (level 3, -1/27 HPs)
             Began as a Coglin Gladiator on Mar 8, 2024.
             Killed from afar by an orc wizard (10 damage)
             ... with a magic dart
             ... on level 2 of the Dungeon.
             The game lasted 00:00:32 (915 turns).

kae the Slasher (Coglin Gladiator)                   Turns: 915, Time: 00:00:32

Health: -1/27      AC:  5    Str: 14    XL:     3   Next: 43%
Magic:  3/3        EV: 12    Int:  7    God:
Gold:   163        SH:  0    Dex: 17    Spells: 2/2 levels left

rFire   . . .        a - +0 long sword {Malena}
rCold   . . .        f - +0 dagger {Inés}
rNeg    . . .        b - +0 leather armour
rPois   .            c - +0 helmet
rElec   .            (no cloak)
rCorr   .            h - +0 pair of gloves
SInv    .            (no boots)
Will    .....        (amulet unavailable)
Stlth   +            (ring unavailable)
HPRegen 0.24/turn    (ring unavailable)
MPRegen 0.08/turn    (no gizmo)

%: no passive effects
@: revved
A: off-hand wielding, slow wielding, warmup strikes, no jewellery
a: Invent Gizmo


You were on level 2 of the Dungeon.
You visited 1 branch of the dungeon, and saw 2 of its levels.

You collected 163 gold pieces.


Innate Abilities, Weirdness & Mutations

You can wield a second weapon in your off-hand.
It takes a long time for you to wield or remove held weapons.
Your first few attacks do less damage.
You cannot equip rings or amulets.


   Skills:
 - Level 2.0 Fighting
 + Level 4.4 Long Blades
 - Level 1.7 Throwing
 - Level 2.6 Dodging


You had 2 spell levels left.
You didn't know any spells.
Your spell library was empty.

Inventory:

Hand Weapons
 a - a +0 long sword (weapon) {Malena}
 f - a +0 dagger (offhand) {Inés}
Missiles
 d - 3 throwing nets (quivered) {=f!f}
 e - a javelin
 g - 17 stones
Armour
 b - a +0 leather armour (worn)
 c - a +0 helmet (worn)
 h - a +0 pair of gloves (worn)
   (You found it on level 2 of the Dungeon)
Jewellery
 L - a ring of flight
   (You found it on level 1 of the Dungeon)
Scrolls
 i - a scroll of amnesia

Dungeon Overview and Level Annotations

Branches:
Dungeon (2/15) Zot: 11079

Altars:

##########
.........######
.........##...#
..............#########
................@.....#
..............$.{.....#
...............))......#
.....##................#
.....##....#...........#
...)†##....#...........#
......#....+..[........#
##....#....#...........#
##....###+##...........


There were no monsters in sight!


Message History

You see here a hobgoblin corpse.
g - 17 stones (gained 7)
You open the door.
There is an open door here.
You open the door.
There is an open door here.
You see here a hobgoblin corpse.
You now have 163 gold pieces (gained 16).
An orc comes into view. It is wielding a +0 mace. 😎 HP[+3]
Your hp is fully restored (27). 2 orcs come into view.
The orc shouts! x2
An orc wizard comes into view. It is wielding a +0 dagger.
A rat comes into view.
The orc wizard shouts!
The rat squeaks loudly.
The orc wizard gestures wildly while chanting.
The orc wizard flickers and vanishes!
Deactivating autopickup; reactivate with Ctrl-A.
The orc shouts!
You see here 9 gold pieces.
There are monsters nearby!
There are monsters nearby!
There are monsters nearby!
You barely miss the orc with your +0 long sword.
You hit the orc but do no damage. The orc closely misses you.
The orc misses you. The orc closely misses you.
You aren't carrying any potions.
Unknown command.
As you read the scroll labelled GEIFUA INOJI, it crumbles to dust.
It is a scroll of amnesia.
You feel forgetful for a moment. The orc hits you but does no damage.
As you read the scroll labelled GOTWUI ZEMO, it crumbles to dust.
It is a scroll of identify.
You don't currently have any unidentified items.
The orc hits you with a +0 hand axe. The orc barely misses you.
The orc closely misses you. Something hits you. 😕 HP[-4]
You take 4 damage, and now have 23/27 hp.
You closely miss the orc with your +0 dagger.
You hit the orc with your +0 long sword.
The orc hits you with a +0 hand axe. The orc closely misses you. x2
Something hits you.
You hit the orc with your +0 long sword.
You kill the orc!
Something hits you but does no damage. The orc hits you with a +0 mace.
The orc closely misses you. 😮 HP[-4]
You take 4 damage, and now have 19/27 hp.
You hit the orc but do no damage.
You slash the orc with your +0 long sword!
You kill the orc!
Something hits you. The orc barely misses you.
You are too injured to fight recklessly! 😮 HP[-3]
You take 3 damage, and now have 16/27 hp.
You are too injured to fight recklessly!
You are too injured to fight recklessly!
You are too injured to fight recklessly!
You are too injured to fight recklessly!
You are too injured to fight recklessly!
You are too injured to fight recklessly!
You closely miss the orc with your +0 dagger.
You slash the orc with your +0 long sword!
You kill the orc!
The rat barely misses you. Something hits you. 😮 HP[-2]
You take 2 damage, and now have 14/27 hp.
Unknown command.
You hit the rat with your +0 dagger.
You hit the rat with your +0 long sword.
You kill the rat!
Something barely misses you. 😮 HP[+1]
Something hits you.
Things that are here:
a +0 hand axe; an orc corpse; 😮 HP[-1]
You take 1 damage, and now have 14/27 hp.
You slash something with your +0 long sword!
You hit something with your +0 dagger. Something hits you but does no damage.
You hit something with your +0 dagger. You hit something but do no damage.
Something hits you but does no damage.
You miss something with your +0 long sword.
You hit something with your +0 dagger. Something hits you.
* * * LOW HITPOINT WARNING * * *
😨 HP[-2]
You take 2 damage, and now have 12/27 hp.
Unknown command.
You hit something with your +0 dagger.
You closely miss something with your +0 long sword.
Something hits you.
* * * LOW HITPOINT WARNING * * *
😨 HP[-3]
You take 3 damage, and now have 9/27 hp.
You closely miss something with your +0 dagger.
You miss something with your +0 long sword.
You hear some strange, mumbled words.
A magic dart appears from out of thin air!
The magic dart hits you!
You die...

Skill      XL: |  1  2 |
---------------+-------+-----
Long Blades    | 4 |  4.4
Fighting       | |  2.0
Throwing       | |  1.7
Dodging        | |  2.6

Action                     || total
---------------------------++-------
  Melee: Long sword        ||    69
         Dagger            ||    67
    Use: Scroll            ||     3
 Armour: Leather armour    ||    63
  Dodge: Dodged            ||    56

Levels and vault maps discovered:
D:1:      dpeg_arrival_circle_labyrinth_a, layout_rooms,
          chequers_ecumenical_altar_simple_redux, serial_corexii_hall,
          chequers_hall_statues_corner_a, corexii_hall_statues_x,
          chequers_hall_statues_y, st_stairs_12, minmay_misc_feat_nine_boxes
D:2:      layout_basic, chequers_big_river

Notes
Turn   | Place    | Note
-------+----------+-------------------------------------------
     0 | D:1      | kae the Coglin Gladiator began the quest for the Orb.
     0 | D:1      | Reached XP level 1. HP: 16/16 MP: 1/1
     0 | D:1      | magus.rc [v1.11.3]
   256 | D:1      | Reached XP level 2. HP: 22/22 MP: 2/2
   380 | D:1      | Found a faded altar of an unknown god.
   653 | D:1      | Reached skill level 4 in Long Blades
   656 | D:1      | Reached XP level 3. HP: 24/27 MP: 3/3
   915 | D:2      | Killed from afar by an orc wizard

Vanquished Creatures
  2 dart slugs (D:1)
  3 orcs (D:2)
  2 endoplasms
  3 giant cockroaches (D:1)
  3 goblins
  3 hobgoblins
  3 quokkas
  2 ball pythons (D:1)
  4 bats
  A frilled lizard (D:1)
  3 rats
29 creatures vanquished.

Table legend:
 A = Non-vault XP
 B = Vault XP
 C = Vault XP percentage of total XP
 D = Non-vault monster count
 E = Vault monster count
 F = Vault count percentage of total count
                 A         B        C        D         E       F
            +---------+---------+-------+---------+---------+-------
      Total |      49 |       6 |  10.9 |      26 |       3 |  10.3
            +---------+---------+-------+---------+---------+-------
        D:1 |      30 |       6 |  16.7 |      17 |       3 |  15.0
        D:2 |      19 |       0 |   0.0 |       9 |       0 |   0.0
            +---------+---------+-------+---------+---------+-------

Skill      XL: |  1  2 |
---------------+-------+-----
Long Blades    | 4 |  4.4
Fighting       | |  2.0
Throwing       | |  1.7
Dodging        | |  2.6

Action                     || total
---------------------------++-------
  Melee: Long sword        ||    69
         Dagger            ||    67
    Use: Scroll            ||     3
 Armour: Leather armour    ||    63
  Dodge: Dodged            ||    56

Illustrated notes

Table legend:
 A = Kills in this place as a percentage of kills in the entire game.
 B = Kills by you in this place as a percentage of kills by you in the entire game.
 C = Kills by friends in this place as a percentage of kills by friends in the entire game.
 D = Other kills in this place as a percentage of other kills in the entire game.
 E = Experience gained in this place as a percentage of experience gained in the entire game.
 F = Experience gained in this place divided by the number of levels of this place that you have seen.
                   A       B       C       D       E      F
               +-------+-------+-------+-------+-------+----------------------
         Total | 100.0 | 100.0 |   N/A |   N/A | 100.0 |  27.5
       Dungeon | 100.0 | 100.0 |   N/A |   N/A | 100.0 |  27.5
               +-------+-------+-------+-------+-------+----------------------

Table legend: (Time is in decaauts)
 A = Elapsed time spent in this place.
 B = Non-inter-level travel time spent in this place.
 C = Inter-level travel time spent in this place.
 D = Time resting spent in this place.
 E = Time spent auto-exploring this place.
 F = Levels seen in this place.
 G = Mean time per level.
                   A        B        C        D        E       F      G
               +--------+--------+--------+--------+--------+-----+--------+
         Total |    919 |    909 |     10 |     24 |    718 |   2 |  459.5 |
       Dungeon |    919 |    909 |     10 |     24 |    718 |   2 |  459.5 |
               +--------+--------+--------+--------+--------+-----+--------+

Top non-repeatable levels by time:
     D:1: 704 daAuts
     D:2: 215 daAuts
